 Dungeon Crawl Stone Soup version 0.30.0-5-g1a98f26d00 (webtiles) character file.

Game seed: 4713819391345527338

28 SnakkuSnakku7 the Changer (level 2, -1/16 HPs)
             Began as a Deep Elf Transmuter on May 11, 2023.
             Slain by a worm (10 damage)
             ... on level 2 of the Dungeon.
             The game lasted 00:01:43 (1023 turns).

SnakkuSnakku7 the Changer (Deep Elf Transmuter)     Turns: 1023, Time: 00:01:44

Health: -1/16      AC:  2    Str:  7    XL:     2   Next: 96%
Magic:  7/8        EV: 12    Int: 17    God:
Gold:   72         SH:  0    Dex: 15    Spells: 6/7 levels left

rFire   + .          .
                       - Unarmed
rCold   . . .        (no shield)
rNeg    . . .        a - +0 robe
rPois   .            (helmet currently unavailable)
rElec   .            (no cloak)
rCorr   .            (no gloves)
SInv    .            (boots currently unavailable)
Will    .....        (no amulet)
Stlth   +            e - ring of protection from fire
HPRegen 0.22/turn    (no ring)
MPRegen 0.11/turn

%: no passive effects
@: appendages
A: horns 2, talons 2
a: End Transformation


You were on level 2 of the Dungeon.
You had temporarily grown beastly horns and talons.
You visited 1 branch of the dungeon, and saw 2 of its levels.

You collected 72 gold pieces.

Inventory:

Armour
 a - a +0 robe (worn)
 n - an orb of wrath
 o - a +2 ring mail of positive energy
Jewellery
 d - a ring of fire
 e - a ring of protection from fire (left hand)
Scrolls
 f - 2 scrolls of identify {unknown}
 g - a scroll of torment {unknown}
 h - a scroll of enchant weapon {unknown}
 i - a scroll of brand weapon {unknown}
 k - a scroll of fog {unknown}
 m - 2 scrolls of blinking {unknown}
Potions
 b - a potion of lignification
 c - 2 potions of curing {unknown}
 j - a potion of haste {unknown}
 l - a potion of flight {unknown}


   Skills:
 - Level 0.7 Fighting
 - Level 2.4 Dodging
 + Level 3.0 Unarmed Combat
 - Level 3.0 Spellcasting
 + Level 3.1 Transmutations


You had 6 spell levels left.
You knew the following spells:

 Your Spells              Type           Power      Damage    Failure   Level
a - Beastly Appendage     Tmut           26%        N/A       4%          1

Your spell library contained the following spells:

 Spells                   Type           Power      Damage    Failure   Level
 Wereblood                Tmut           13%        N/A       8%          2
 Sting                    Tmut/Pois      28%        1d4       10%         1
 Spider Form              Tmut/Pois      7%         N/A       28%         3
 Ice Form                 Ice/Tmut       7%         N/A       67%         4


Dungeon Overview and Level Annotations

Branches:
Dungeon (2/15)

Altars:


Innate Abilities, Weirdness & Mutations

You have temporarily grown beastly horns and talons.


Message History

You closely miss the hobgoblin. You headbutt the hobgoblin.
You kill the hobgoblin!
No target in view!
Key pressed, stopping explore.
You now have 60 gold pieces (gained 5).
Your transformation is almost over.
Your horns disappear.
Your talons disappear.
There is a stone staircase leading up here.
Found an escape hatch in the floor.
Found a stone staircase leading up.
There is an escape hatch in the floor here.
You now have 72 gold pieces (gained 12).
There is a stone staircase leading up here.
You see here a +2 ring mail of positive energy.
As you open the door, it creaks loudly!
You hear a shout!
Found a stone staircase leading down.
There is an open door here.
A worm comes into view.
There is an open door here.
A hobgoblin comes into view.
You see here a +2 ring mail of positive energy.
o - a +2 ring mail of positive energy
Casting: Beastly Appendage (safe; 4% risk of failure)
Confirm with . or Enter, or press ? or * to list all spells.
You grow a pair of large bovine horns.
Your feet morph into talons.
The hobgoblin hits you.
You hit the hobgoblin. You headbutt the hobgoblin.
The hobgoblin is moderately wounded.
The hobgoblin hits you.
You hit the hobgoblin but do no damage.
You claw the hobgoblin, but do no damage.
The hobgoblin is moderately wounded.
The hobgoblin misses you.
You barely miss the hobgoblin.
The hobgoblin is moderately wounded.
A ball python comes into view.
The hobgoblin hits you.
You are too injured to fight recklessly!
The hobgoblin barely misses you. The worm bites you!
Ouch! That really hurt!
You die...

#### ##8.8#
#..>..#
..w..## #...##
#8.8# # ##'##
#...####w.#
########
#......@.##
.......#
###.####g#
######.# #.#
#.# #.# #.#
#.# .. #.# #.#
#S###...# #.#
#.####........
#.#
#..<...##..#..
#.# #>.###.#
.... #.# #..#
#.# ...


You could see a worm, a hobgoblin and a ball python (wandering).

Vanquished Creatures
  3 giant cockroaches (D:1)
  2 goblins (D:1)
  A hobgoblin (D:2)
  8 jackals
  3 ball pythons (D:1)
  2 bats (D:1)
  2 frilled lizards (D:2)
  2 kobolds
  A rat (D:2)
24 creatures vanquished.

Notes
Turn   | Place    | Note
-------+----------+-------------------------------------------
     0 | D:1      | SnakkuSnakku7 the Deep Elf Transmuter began the quest for
                  | the Orb.
     0 | D:1      | Reached XP level 1. HP: 11/11 MP: 6/6
   261 | D:1      | Reached XP level 2. HP: 16/16 MP: 6/8
   817 | D:2      | Found a faded altar of an unknown god.
   825 | D:2      | Got Plato's Catalogue of Toxins
  1023 | D:2      | Slain by a worm

Illustrated notes

Levels and vault maps discovered:
D:1:      amcnicky_arrival_feature_with_door, layout_rooms,
          hangedman_glass_teeth
D:2:      layout_loops_ring, shapermc_ecumenical_altar_rom_forum,
          serial_bayou_lagoon_a, minmay_misc_feat_plants, grunt_ministairs_8

Skill      XL: |  1  2 |
---------------+-------+-----
Transmutations | 3 |  3.1
Unarmed Combat | 3 |  3.0
Fighting       | |  0.7
Dodging        | |  2.4
Spellcasting   | |  3.0

Action                     || total
---------------------------++-------
  Melee: Unarmed           ||    81
         Kick              ||    18
         Headbutt          ||    12
         Punch             ||     1
   Cast: Beastly Appendage ||    14
 Armour: Robe              ||    29
  Dodge: Dodged            ||    76
